 Dungeon Crawl Stone Soup version 0.32-a0-898-g7811c86cf0 (webtiles) character file.

Game seed: 1449681770035366685

289 Kenran the Insei (level 5, -3/40 HPs)
             Began as a Demigod Shapeshifter on Apr 4, 2024.
             Slain by Grinder (4 damage)
             ... while paralysed by Grinder
             ... on level 4 of the Dungeon.
             The game lasted 00:04:48 (2452 turns).

Kenran the Insei (Demigod Shapeshifter)             Turns: 2452, Time: 00:04:49

Health: -3/40      AC:  5    Str: 15    XL:     5   Next: 82%
Magic:  7/7        EV:  2    Int: 12    God:
Gold:   160        SH:  0    Dex: 17    Spells: 4/4 levels left

rFire   . .          .
                       - Unarmed
rCold   . . .        (no shield)
rNeg    . . .        m - +0 ring mail
rPois   .            (helmet currently unavailable)
rElec   .            (cloak currently unavailable)
rCorr   .            (gloves currently unavailable)
SInv    .            (boots currently unavailable)
Will    .....        a - amulet of the acrobat
Stlth   +            (no ring)
HPRegen 0.26/turn    (no ring)
MPRegen 0.10/turn

%: acrobat
@: paralysed, beast-form, hasted
A: beast (slay +1), high MP 1, forlorn, divine attributes
a: Begin Untransformation


You were on level 4 of the Dungeon.
You were a hulking beast.
You visited 1 branch of the dungeon, and saw 4 of its levels.

You collected 160 gold pieces.

Inventory:

Armour
 f - a +0 helmet
 m - a +0 ring mail (worn)
Jewellery
 a - an amulet of the acrobat (around neck)
 o - a ring of fire
Talismans
 c - a beast talisman (active)
 d - a flux talisman
Scrolls
 e - a scroll of immolation {!r}
 l - a scroll of noise {unknown}
 n - a scroll of enchant weapon {unknown}
 p - a scroll of poison {unknown}
Potions
 b - a potion of ambrosia {unknown}
 h - a potion of heal wounds {unknown}
 i - a potion of enlightenment {unknown}
 k - a potion of resistance {unknown}


   Skills:
 - Level 1.0 Fighting
 - Level 1.7 Dodging
 + Level 6.2 Unarmed Combat
 - Level 2.6 Shapeshifting


You had 4 spell levels left.
You didn't know any spells.
Your spell library contained the following spells:

 Spells                   Type           Power      Damage    Failure   Level
 Animate Armour           Summ/Erth      0%         N/A       100%        4
 Summon Lightning Spire   Summ/Air       0%         N/A       100%        4
 Lee's Rapid Deconstruct  Erth           0%         3d4*      100%        5


Dungeon Overview and Level Annotations

Branches:
Dungeon (3/15)

Annotations:
D:4 Grinder


Innate Abilities, Weirdness & Mutations

You are a hulking beast.
Your limbs bulge with bestial killing power. (Slay +1)
You have an increased reservoir of magic. (+10% MP)
You shall have no god before yourself.
Your divine heritage dramatically boosts your attributes as you level up.


Message History

You punch Grinder! You punch Grinder.
Grinder is heavily wounded.
Grinder gestures at you. Pain shoots through your body!
You closely miss Grinder.
Grinder is heavily wounded.
You closely miss Grinder.
Grinder is heavily wounded.
Grinder gestures at you. Pain shoots through your body!
* * * LOW HITPOINT WARNING * * *
You feel better. Grinder hits you.
You writhe in agony.
* * * LOW HITPOINT WARNING * * *
You feel better.
You hit Grinder.
Grinder is heavily wounded.
Grinder hits you.
You writhe in agony.
You closely miss Grinder.
Grinder is heavily wounded.
You closely miss Grinder.
Grinder is heavily wounded.
Grinder barely misses you.
You hit Grinder.
Grinder is heavily wounded.
Grinder gestures at you.
You suddenly lose the ability to move!
Grinder gestures at you. You resist with significant effort. Grinder hits you.
You writhe in agony.
Grinder says, "You look like you could use a good racking."
Grinder hits you.
* * * LOW HITPOINT WARNING * * *
You writhe in agony.
* * * LOW HITPOINT WARNING * * *
Grinder says, "Wait up."
Grinder hits you.
* * * LOW HITPOINT WARNING * * *
You writhe in agony.
You die...
Grinder says, "Hey, I wasn't done torturing you yet!"

#.# #)######### .
..#..#### ##.#########
5.░.......#####...........
........)..........###.#.#
..░. #..##.......##.#.#
....[ #...>........#.#.#
░.░...###.###.......##.#.#
.......$.5..........##.#.#
....#.###h####....#(##.#.#
[ # #........##.##.#.#
######.........#
$.......... .#.##..#### .
.) .##


You could see Grinder.

Vanquished Creatures
  A centaur (D:4)
  A scorpion (D:2)
  An orc priest (D:3)
  A sleepcap (D:3)
  2 adders
  A dart slug (D:2)
  3 ribbon worms
  4 orcs (D:3)
  6 ball pythons
  8 bats
  8 endoplasms
  A giant cockroach (D:1)
  3 hobgoblins (D:1)
  5 jackals
  4 kobolds
  4 frilled lizards
  10 goblins
  5 rats
68 creatures vanquished.

Notes
Turn   | Place    | Note
-------+----------+-------------------------------------------
     0 | D:1      | Kenran the Demigod Shapeshifter began the quest for the
                  | Orb.
     0 | D:1      | Reached XP level 1. HP: 15/15 MP: 3/3
    42 | D:1      | Reached skill level 1 in Fighting
   189 | D:1      | Reached skill level 3 in Unarmed Combat
   253 | D:1      | Reached XP level 2. HP: 23/23 MP: 4/4
   802 | D:2      | Reached XP level 3. HP: 22/28 MP: 5/5
   853 | D:2      | Reached skill level 4 in Unarmed Combat
  1403 | D:2      | Noticed a scorpion
  1419 | D:2      | Killed a scorpion
  1420 | D:2      | Reached skill level 5 in Unarmed Combat
  1420 | D:2      | Reached XP level 4. HP: 35/35 MP: 6/6
  2186 | D:3      | Reached XP level 5. HP: 33/40 MP: 7/7
  2354 | D:3      | You fall into a shaft and drop 1 floor!
  2411 | D:4      | Noticed Grinder
  2411 | D:4      | Noticed a centaur
  2425 | D:4      | Killed a centaur
  2426 | D:4      | Reached skill level 6 in Unarmed Combat
  2448 | D:4      | Paralysed by Grinder for 5 turns
  2452 | D:4      | HP: 1/40 [Grinder (5)]
  2452 | D:4      | Slain by Grinder

Illustrated notes

Levels and vault maps discovered:
D:1:      dpeg_arrival_orchard, layout_loops_cross,
          ebering_ecumenical_altar_sacrificial, grunt_decor_mini_mirrors,
          minmay_tree_intersection
D:2:      layout_basic, basic_altar, minmay_hexomino_f4
D:3:      layout_loops_ring, serial_shops, shop, wad_floor_pattern_2
D:4:      layout_loops_ring, minmay_temple_entry_glass, uniq_grinder

Skill      XL: |  1  2  3  4  5 |
---------------+----------------+-----
Fighting       | 1 |  1.0
Unarmed Combat | 3 5 6 |  6.2
Dodging        | |  1.7
Shapeshifting  | |  2.6

Action                     |  1- 3 |  4- 6 || total
---------------------------+-------+-------++-------
  Melee: Unarmed           |   130 |    73 ||   203
         Punch             |     5 |     1 ||     6
    Use: Scroll            |     3 |       ||     3
         Potion            |     1 |     4 ||     5
   Stab: Sleeping          |     3 |     1 ||     4
 Armour: Animal skin       |    71 |     1 ||    72
         Skin              |     7 |     1 ||     8
         Ring mail         |       |    44 ||    44
  Dodge: Dodged            |    68 |    34 ||   102

Table legend: (Time is in decaauts)
 A = Elapsed time spent in this place.
 B = Non-inter-level travel time spent in this place.
 C = Inter-level travel time spent in this place.
 D = Time resting spent in this place.
 E = Time spent auto-exploring this place.
 F = Levels seen in this place.
 G = Mean time per level.
                   A        B        C        D        E       F      G
               +--------+--------+--------+--------+--------+-----+--------+
         Total |   2423 |   2381 |     42 |    597 |   1192 |   4 |  605.8 |
       Dungeon |   2423 |   2381 |     42 |    597 |   1192 |   4 |  605.8 |
               +--------+--------+--------+--------+--------+-----+--------+

Top non-repeatable levels by time:
     D:2: 1017 daAuts
     D:1: 779 daAuts
     D:3: 540 daAuts
     D:4: 86 daAuts
